 Seeded DCSS version 0.27-a0-705-ga0013940fb (webtiles) character file.

Game seed: 20210322 (custom seed)

13133 Snicker the Cruncher (level 11, -1/85 HPs)
             Began as a Demonspawn Brigand on Mar 22, 2021.
             Was an Initiate of Gozag.
             Slain by a skeletal warrior
             ... wielding a +0 glaive
             ... led by a skeletal warrior
              (21 damage)
             ... on level 11 of the Dungeon.
             The game lasted 00:29:16 (13626 turns).

Snicker the Cruncher (Demonspawn Brigand)          Turns: 13626, Time: 00:29:17

Health: -1/85      AC: 14    Str: 15    XL:     11   Next: 71%
Magic:  12/12      EV: 14    Int: 18    God:    Gozag
Gold:   168        SH:  0    Dex: 24    Spells: 8/11 levels left

rFire    + + .     SeeInvis .   b - +7 quarterstaff of Defence {drain, *Noise Int+5}
rCold    x . .     Faith    .   (shield currently unavailable)
rNeg     . . .     Spirit   .   Z - +4 troll leather armour "Vephiawn" {rF++ rC- Regen+ Str+4}
rPois    .         Reflect  .   I - +2 hat
rElec    .         Harm     .   c - +0 cloak
rCorr    .         Rampage  .   (no gloves)
Will     +....                  (no boots)
Stlth    +++++.....             L - amulet of regeneration
HPRegen  2.24/turn              P - +6 ring of dexterity
MPRegen  0.13/turn              D - ring of willpower

@: mighty, gold aura, studying Fighting
A: talons 1, iridescent scales 1, foul stench 1, powered by pain 1
a: Renounce Religion, Potion Petition, Call Merchant, Bribe Branch


You were on level 11 of the Dungeon.
You worshipped Gozag.
Gozag was aware of your devotion.
You visited 2 branches of the dungeon, and saw 12 of its levels.

You collected 1675 gold pieces.
You spent 837 gold pieces at shops.
You paid 670 gold pieces to Gozag.

Inventory:

Hand Weapons
 a - a +3 dagger of chaos
 b - the +7 quarterstaff of Defence (weapon) {drain, *Noise Int+5}
   (You found it on level 5 of the Dungeon)

   A truly terrible weapon, it drains the life of those it strikes.
   It affects your intelligence (+5).
   It may make noises in combat.
 o - the +3 shortbow "Saichus" {flame, Dex+2}
   (You found it on level 4 of the Dungeon)

   It causes projectiles fired from it to burn those they strike, causing extra
   injury to most foes and up to half again as much damage against particularly
   susceptible opponents.
   It affects your dexterity (+2).
 A - a +0 short sword of venom
 T - a +3 dagger
Missiles
 d - 43 poisoned darts
 Q - 4 throwing nets
 U - 2 curare-tipped darts (quivered)
Armour
 c - a +0 cloak (worn)
 j - a +0 robe
 v - a +0 ring mail
 I - a +2 hat (worn)
 Z - the +4 troll leather armour "Vephiawn" (worn) {rF++ rC- Regen+ Str+4}
   (You bought it in a shop on level 9 of the Dungeon)

   It affects your strength (+4).
   It greatly protects you from fire.
   It makes you vulnerable to cold.
   It increases your rate of regeneration.
Jewellery
 g - an amulet of magic regeneration
 h - a ring of wizardry
 l - an amulet of guardian spirit
 B - an amulet of reflection
 D - a ring of willpower (left hand)
 L - an amulet of regeneration (around neck)
 P - a +6 ring of dexterity (right hand)
 R - a ring of protection from cold
 S - a ring of ice
Wands
 e - a wand of acid (4)
 x - a wand of iceblast (4)
 z - a wand of mindburst (7)
 F - a wand of random effects (14)
 N - a wand of digging (5)
 V - a wand of flame (12)
 X - a wand of polymorph (11)
Scrolls
 k - 6 scrolls of teleportation
 n - 3 scrolls of torment
 r - 3 scrolls of magic mapping {unknown}
 s - 2 scrolls of immolation {unknown}
 t - 3 scrolls of random uselessness {unknown}
 u - 9 scrolls of identify
 y - 4 scrolls of brand weapon {unknown}
 C - 2 scrolls of fog {unknown}
 E - 2 scrolls of fear {unknown}
 G - 2 scrolls of amnesia
 M - 2 scrolls of enchant armour {unknown}
Potions
 f - 5 potions of flight
 i - a potion of might {unknown}
 m - 3 potions of lignification {unknown}
 p - 2 potions of curing {unknown}
 q - 2 potions of cancellation
 w - a potion of attraction
 H - a potion of ambrosia
 J - a potion of brilliance {unknown}
 K - 3 potions of heal wounds
 O - a potion of magic {unknown}
 W - a potion of berserk rage {unknown}
 Y - a potion of experience {unknown}


   Skills:
 + Level 7.7 Fighting
 * Level 7.5 Short Blades
 * Level 10.1 Staves
 + Level 2.4 Throwing
 + Level 5.4 Armour
 + Level 4.1 Dodging
 * Level 9.7 Stealth
 + Level 1.6 Shields
 + Level 0.7 Spellcasting
 + Level 0.4 Summonings
 + Level 0.2 Evocations


You had 8 spell levels left.
You knew the following spells:

 Your Spells              Type           Power      Damage    Failure   Level
a - Call Imp              Summ           2%         N/A       30%         2
b - Foxfire               Conj/Fire      0%         2x1d4     24%         1

Your spell library contained the following spells:

 Spells                   Type           Power      Damage    Failure   Level
 Summon Small Mammal      Summ           8%         N/A       21%         1
 Beastly Appendage        Tmut           0%         N/A       24%         1
 Shock                    Conj/Air       0%         1d3       24%         1
 Slow                     Hex            0%         N/A       36%         2
 Wereblood                Tmut           0%         N/A       36%         2
 Call Canine Familiar     Summ           2%         N/A       52%         3
 Summon Guardian Golem    Hex/Summ       1%         N/A       56%         3
 Conjure Flame            Conj/Fire      0%         6-21      58%         3
 Inner Flame              Hex/Fire       0%         N/A       58%         3
 Spider Form              Tmut/Pois      0%         N/A       58%         3
 Stone Arrow              Conj/Erth      0%         3d7       58%         3
 Summon Ice Beast         Ice/Summ       1%         N/A       92%         4
 Summon Lightning Spire   Summ/Air       1%         N/A       92%         4
 Cause Fear               Hex            0%         N/A       94%         4
 Ice Form                 Ice/Tmut       0%         N/A       94%         4
 Sticky Flame             Conj/Fire      0%         2d3       94%         4
 Blade Hands              Tmut           0%         N/A       100%        5
 Fireball                 Conj/Fire      0%         3d3       100%        5
 Shatter                  Erth           0%         3d5*      100%        9
 Tornado                  Air            0%         N/A       100%        9


Dungeon Overview and Level Annotations

Branches:
Dungeon (11/15)            Temple (1/1) D:6            Lair (0/6) D:11
    Orc: D:9-12

Altars:
Ashenzari
Cheibriados
Dithmenos
Elyvilon
Fedhas
Gozag
Hepliaklqana
Kikubaaqudgha
Makhleb
Nemelex Xobeh
Okawaru
Qazlal
Ru
Sif Muna
Trog
Uskayaw
Vehumet
Wu Jian
Xom
Yredelemnul
Zin
The Shining One

Shops:
D:9 [

Annotations:
D:11 exclusion: oklob plant


Innate Abilities, Weirdness & Mutations

You have sharp toenails.
You are partially covered in iridescent scales. (AC +2)
You may rarely emit foul miasma when damaged in melee.
You sometimes gain a little power by taking damage.


Message History

The skeletal warrior barely misses you.
Aiming: Corrosive Bolt
Press: ? - help, Shift-Dir - straight line, f - skeletal warrior
Aim: a skeletal warrior, wielding a +0 glaive (29% to evade)
The bolt of acid misses the skeletal warrior.
The skeletal warrior hits you from afar with a +0 glaive.
Unknown command.
You hit the skeletal warrior.
The skeletal warrior is lightly damaged.
The skeletal warrior misses you.
You completely miss the skeletal warrior.
The skeletal warrior is lightly damaged.
You sock the skeletal warrior! Your kick misses the skeletal warrior.
The skeletal warrior is moderately damaged.
The skeletal warrior barely misses you.
You hit the skeletal warrior. Your kick misses the skeletal warrior.
The skeletal warrior is moderately damaged.
The skeletal warrior barely misses you.
You closely miss the skeletal warrior.
You claw the skeletal warrior, but do no damage.
The skeletal warrior is moderately damaged.
The skeletal warrior hits you but does no damage.
You hit the skeletal warrior but do no damage.
You claw the skeletal warrior.
The skeletal warrior is moderately damaged.
The skeletal warrior hits you with a +0 glaive!
You hit the skeletal warrior.
The skeletal warrior is heavily damaged.
You hit the skeletal warrior but do no damage.
You claw the skeletal warrior, but do no damage.
The skeletal warrior is heavily damaged.
The skeletal warrior hits you with a +0 glaive!!
* * * LOW HITPOINT WARNING * * *
You focus on the pain.
You feel mightier all of a sudden.
You closely miss the skeletal warrior. You claw the skeletal warrior!
The skeletal warrior is heavily damaged.
The skeletal warrior hits you with a +0 glaive!!
You die...
Your body crumbles into a pile of gold.

.#...#....#......#...#
.'...'....#......'...#
.#...#....#......#...#
###'#######......#...#
.#...#....#......#####
.#...#....#......#...#
.#...'....#......#...#
.#...#....#......z...#
.#...######.....@#...#
.....#....#......#...#
.....#....########)..#
.....'....# ##z##
.....#....# .........#
##...###### .........#
..........# .........#
..........# .........#
..........# #z####...#


You could see a skeletal warrior.

Vanquished Creatures
  Harold (D:8)
  A boulder beetle (D:11)
  A hydra (D:11)
  A two-headed ogre (D:8)
  2 skeletal warriors (D:11)
  2 wizards (D:10)
  2 ugly things (D:11)
  2 deep elf zephyrmancers (D:10)
  Joseph (D:10)
  A gargoyle (D:11)
  Psyche (D:8)
  A yaktaur (D:11)
  A troll (D:11)
  A wyvern (D:8)
  4 yaks (D:10)
  A steam dragon (D:10)
  5 ice beasts
  A black bear (D:10)
  2 orc warriors
  A sky beast (D:7)
  8 ogres
  A hornet zombie (D:8)
  2 centaurs
  4 bullfrogs
  2 water moccasin zombies
  A wyvern skeleton (D:8)
  6 scorpions
  8 killer bees
  6 wights
  3 howler monkeys
  4 jellies
  A quasit (D:6)
  3 bullfrog skeletons
  8 hounds
  5 orc priests
  Ijyb (D:3)
  4 iguanas
  6 orc wizards
  4 worker ants
  A killer bee zombie (D:5)
  A hound zombie (D:5)
  A howler monkey zombie (D:5)
  A hound skeleton (D:6)
  2 howler monkey skeletons (D:4)
  12 adders
  2 shadow imps (D:6)
  8 white imps
  An ufetubus (D:5)
  2 adder skeletons (D:6)
  8 worms
  46 orcs
  6 bats
  6 giant cockroaches
  4 hobgoblins
  5 jackals
  4 kobolds
  3 oozes
  13 quokkas
  5 ball pythons (D:1)
  6 frilled lizards
  3 goblins
  A jackal skeleton (D:5)
  A jackal zombie (D:5)
  3 quokka skeletons
  A quokka zombie (D:7)
  4 rats
259 creatures vanquished.

Vanquished Creatures (others)
  42 plants
42 creatures vanquished.

Grand Total: 301 creatures vanquished

Notes
Turn   | Place    | Note
-------+----------+-------------------------------------------
     0 | D:1      | Snicker the Demonspawn Brigand began the quest for the Orb.
     0 | D:1      | Reached XP level 1. HP: 16/16 MP: 1/1
   272 | D:1      | Gained mutation: You sometimes gain a little power by
                  | taking damage. [demonic ancestry]
   272 | D:1      | Reached XP level 2. HP: 17/22 MP: 2/2
   891 | D:2      | Reached skill level 1 in Dodging
   913 | D:2      | Reached XP level 3. HP: 24/27 MP: 1/3
  1011 | D:2      | Found a faded altar of an unknown god.
  1086 | D:2      | Reached XP level 4. HP: 22/33 MP: 1/4
  1546 | D:3      | Reached skill level 5 in Stealth
  1688 | D:3      | Noticed Ijyb
  1693 | D:3      | Identified a scroll of acquirement
  1693 | D:3      | Acquired a manual of Fighting
  2032 | D:3      | Killed Ijyb
  2661 | D:4      | Noticed an ice beast
  2671 | D:4      | Killed an ice beast
  2672 | D:4      | Reached XP level 5. HP: 23/38 MP: 2/5
  3005 | D:4      | Reached skill level 1 in Armour
  3005 | D:4      | Gained mutation: You are partially covered in iridescent
                  | scales. (AC +2) [demonic ancestry]
  3005 | D:4      | Reached XP level 6. HP: 43/44 MP: 6/6
  3186 | D:4      | Identified the +3 shortbow "Saichus" {flame, Dex+2}
  4130 | D:5      | Entered Level 5 of the Dungeon
  4485 | D:5      | Reached XP level 7. HP: 14/51 MP: 4/7
  4520 | D:5      | Identified the +7 quarterstaff of Defence {drain, *Noise
                  | Int+5}
  4831 | D:4      | HP: 2/53 [gnoll/+4 halberd (2)]
  5411 | D:5      | Found a burning altar of Makhleb.
  5497 | D:5      | Reached skill level 5 in Short Blades
  5504 | D:5      | Reached skill level 1 in Staves
  5628 | D:5      | Reached XP level 8. HP: 16/60 MP: 8/8
  5866 | D:5      | Reached skill level 2 in Staves
  5985 | D:5      | Learned a level 2 spell: Call Imp
  6683 | D:6      | Reached skill level 3 in Staves
  7293 | D:6      | Found a hide-covered altar of Uskayaw.
  7293 | D:6      | Found a broken altar of Ashenzari.
  7295 | D:6      | Found a sacrificial altar of Ru.
  7295 | D:6      | Found a snail-covered altar of Cheibriados.
  7295 | D:6      | Found a shimmering altar of Xom.
  7295 | D:6      | Found a radiant altar of Vehumet.
  7295 | D:6      | Found a bloodstained altar of Trog.
  7296 | D:6      | Found a sparkling altar of Nemelex Xobeh.
  7451 | D:6      | Found a staircase to the Ecumenical Temple.
  7459 | D:6      | Reached skill level 1 in Shields
  7461 | Temple   | Entered the Ecumenical Temple
  7688 | Temple   | Became a worshipper of Gozag Ym Sagoz the Greedy
  7782 | D:6      | Found a sacrificial altar of Ru.
  8097 | D:7      | Reached skill level 4 in Staves
  8312 | D:7      | Gained mutation: You have sharp toenails. [demonic
                  | ancestry]
  8312 | D:7      | Reached XP level 9. HP: 25/66 MP: 9/9
  9249 | D:7      | Reached skill level 5 in Fighting
  9249 | D:7      | Reached skill level 5 in Staves
  9402 | D:7      | Found a burning altar of Makhleb.
  9595 | D:7      | Found a stormy altar of Qazlal.
  9595 | D:7      | Found an ancient bone altar of Kikubaaqudgha.
  9752 | D:8      | Noticed a two-headed ogre
  9761 | D:8      | Killed a two-headed ogre
  9761 | D:8      | Noticed Harold
  9773 | D:8      | Killed Harold
  9774 | D:8      | Reached skill level 6 in Staves
  9774 | D:8      | Reached XP level 10. HP: 30/76 MP: 9/11
 10010 | D:8      | Noticed Psyche
 10497 | D:8      | Killed Psyche
 10792 | D:9      | Reached skill level 7 in Staves
 11201 | D:10     | Entered Level 10 of the Dungeon
 11367 | D:10     | Noticed Joseph
 11373 | D:10     | Reached skill level 5 in Armour
 11382 | D:10     | Killed Joseph
 11717 | D:10     | Noticed a deep elf zephyrmancer
 11725 | D:10     | Noticed a wizard
 11731 | D:10     | Killed a wizard
 11732 | D:10     | Reached skill level 8 in Staves
 11744 | D:10     | Killed a deep elf zephyrmancer
 11774 | D:10     | Identified the Grimoire of Plaster Cramp
 11778 | D:10     | Learned a level 1 spell: Foxfire
 11784 | D:10     | Identified the Volume of Combed Thunderclap
 11796 | D:10     | Identified Ts'ui PĂȘn's Grimoire of Forking Paths
 11800 | D:10     | Noticed a wizard
 11814 | D:10     | Killed a wizard
 11815 | D:10     | Gained mutation: You may rarely emit foul miasma when
                  | damaged in melee. [demonic ancestry]
 11815 | D:10     | Reached XP level 11. HP: 83/83 MP: 12/12
 11877 | D:10     | Noticed a deep elf zephyrmancer
 11884 | D:10     | Killed a deep elf zephyrmancer
 12182 | D:11     | Noticed a red ugly thing
 12206 | D:11     | Killed a red ugly thing
 12459 | D:11     | Found a staircase to the Lair.
 12487 | D:11     | Noticed a red ugly thing
 12501 | D:11     | Killed a red ugly thing
 12502 | D:11     | Reached skill level 9 in Staves
 12846 | D:9      | Bought a transparent troll leather armour for 620 gold
                  | pieces
 12846 | D:9      | Identified the +4 troll leather armour "Vephiawn" {rF++ rC-
                  | Regen+ Str+4} (You bought it in a shop on level 9 of the
                  | Dungeon)
 12967 | D:9      | Bought a heavily runed leather armour for 217 gold pieces
 12967 | D:9      | Identified the +0 leather armour of Cezyuczaeta {MP+9 SInv}
                  | (You bought it in a shop on level 9 of the Dungeon)
 13083 | D:11     | Noticed an eight-headed hydra
 13100 | D:11     | Killed an eight-headed hydra
 13216 | D:11     | Noticed a boulder beetle
 13257 | D:11     | Killed a boulder beetle
 13307 | D:11     | Noticed an oklob plant
 13499 | D:11     | Noticed a skeletal warrior
 13500 | D:11     | Noticed a skeletal warrior
 13522 | D:11     | Killed a skeletal warrior
 13523 | D:11     | Reached skill level 10 in Staves
 13602 | D:11     | Noticed a skeletal warrior
 13602 | D:11     | Noticed a skeletal warrior
 13615 | D:11     | Killed a skeletal warrior
 13626 | D:11     | Slain by a skeletal warrior

Illustrated notes

Levels and vault maps discovered:
D:1:      minmay_arrival_cross, layout_loops_ring
D:2:      layout_rooms, chequers_ecumenical_altar_twisty,
          kennysheep_generic_room_15
D:3:      layout_basic, wander_ebering_terrifying_dragon_lair, uniq_ijyb
D:4:      layout_cave_pools, serial_bayou_pond_a
D:5:      kennysheep_windowed_halls, layout_rooms, kennysheep_mini_moat,
          corexii_shack
D:6:      layout_loops_cross, grunt_temple_overflow_open,
          minmay_temple_entry_enclosed_plants, nicolae_ru_path_of_blood
D:7:      layout_loops_corners, gammafunk_temple_overflow_elements,
          chequers_jeans, lemuel_centaur_altar
D:8:      layout_rooms, serial_bayou_lagoon_a, feat_on_display, uniq_psyche,
          uniq_harold
D:9:      layout_long_grid, nicolae_elyvilon_temple_path
D:10:     layout_loops_ring, bh_hangedman_babel_library, uniq_joseph
D:11:     layout_grid_maze, dpeg_oklobed_lair
Temple:   dpeg_chambers_temple

Skill      XL: |  1  2  3  4  5  6  7  8  9 10 11 |
---------------+----------------------------------+-----
Stealth        | 4 5 6 7 9 |  9.7
Short Blades   | 2 3 4 5 6 7 |  7.5
Dodging        | 1 2 3 4 |  4.1
Armour         | 1 2 3 4 5 |  5.4
Throwing       | 2 |  2.4
Fighting       | 4 5 6 7 |  7.7
Staves         | 1 4 6 8 10 | 10.1
Shields        | 1 |  1.6
Spellcasting   | |  0.7
Summonings     | |  0.4
Evocations     | |  0.2

Action                   |  1- 3 |  4- 6 |  7- 9 | 10-12 || total
-------------------------+-------+-------+-------+-------++-------
Melee: Dagger            |    82 |   232 |    16 |    24 ||   354
       Quarterstaff      |       |       |   188 |   318 ||   506
       Short sword       |       |       |   114 |    20 ||   134
       Kick              |       |       |    19 |   145 ||   164
       Unarmed           |       |       |       |     2 ||     2
Throw: Dart              |       |     6 |     5 |     5 ||    16
 Cast: Call Imp          |       |       |     1 |       ||     1
Invok: Call Merchant     |       |       |       |     1 ||     1
Evoke: Wand              |       |       |       |     4 ||     4
  Use: Scroll            |       |     5 |     5 |       ||    10
       Potion            |       |     3 |       |     2 ||     5
 Stab: Sleeping          |     8 |     6 |     6 |    13 ||    33
       Distracted        |       |       |     2 |     7 ||     9
       Invisible         |       |       |       |     5 ||     5
Armor: Robe              |    28 |     6 |       |       ||    34
       Ring mail         |       |    62 |   151 |    58 ||   271
       Skin              |       |       |       |     2 ||     2
       Troll leather arm |       |       |       |    25 ||    25
Dodge: Dodged            |    65 |   110 |   211 |   192 ||   578
Block: Other             |       |       |    81 |       ||    81

Table legend: (Time is in decaauts)
 A = Elapsed time spent in this place.
 B = Non-inter-level travel time spent in this place.
 C = Inter-level travel time spent in this place.
 D = Time resting spent in this place.
 E = Time spent auto-exploring this place.
 F = Levels seen in this place.
 G = Mean time per level.
                   A        B        C        D        E       F      G
               +--------+--------+--------+--------+--------+-----+--------+
         Total |  13504 |  12863 |    641 |   3082 |   6784 |  12 | 1125.3 |
       Dungeon |  13250 |  12652 |    598 |   3082 |   6574 |  11 | 1204.5 |
        Temple |    254 |    211 |     43 |      0 |    210 |   1 |  254.0 |
               +--------+--------+--------+--------+--------+-----+--------+

Top non-repeatable levels by time:
     D:3: 2146 daAuts
     D:5: 2137 daAuts
     D:7: 1870 daAuts
    D:11: 1207 daAuts
    D:10: 1077 daAuts
     D:6: 967 daAuts
     D:4: 924 daAuts
     D:1: 877 daAuts
     D:9: 843 daAuts
     D:8: 690 daAuts
     D:2: 506 daAuts
  Temple: 254 daAuts
